 Dungeon Crawl Stone Soup version 0.30-a0-359-gd0147acb1a (webtiles) character file.

Game seed: 4708011376114459563

392 bande the Covered (level 6, -2/38 HPs)
             Began as a Gargoyle Fighter on Nov 13, 2022.
             Slain by a wight
             ... wielding a +0 spear
              (7 damage)
             ... on level 6 of the Dungeon.
             The game lasted 00:05:28 (2933 turns).

bande the Covered (Gargoyle Fighter)                Turns: 2933, Time: 00:05:29

Health: -2/38      AC: 12    Str: 20    XL:     6   Next: 80%
Magic:  6/6        EV: 13    Int:  8    God:
Gold:   123        SH:  4    Dex: 11    Spells: 5/5 levels left

rFire   . . .      SeeInvis .    a - +1 war axe
rCold   + . .      Faith    .    c - +0 buckler
rNeg    + . .      Spirit   .    b - +0 scale mail
rPois   ∞          Reflect  .    (no helmet)
rElec   +          Harm     .    (no cloak)
rCorr   .          Rampage  .    j - +0 pair of gloves
Will    .....                    (no boots)
Stlth   ..........               (no amulet)
HPRegen 0.26/turn                f - +4 ring of evasion
MPRegen 0.10/turn                g - ring of protection from cold

@: no status effects
A: sickness immunity, AC +4, negative energy resistance 1, electricity
resistance, torment resistance 1, petrification resistance
a: no special abilities


You were on level 6 of the Dungeon.
You visited 1 branch of the dungeon, and saw 5 of its levels.
You also visited: Sewer.

You collected 123 gold pieces.

Inventory:

Hand Weapons
 a - a +1 war axe (weapon)
 q - a +0 flail
Armour
 b - a +0 scale mail (worn)
 c - a +0 buckler (worn)
 j - a +0 pair of gloves (worn)
Jewellery
 f - a +4 ring of evasion (left hand)
 g - a ring of protection from cold (right hand)
Scrolls
 h - 2 scrolls of identify
 l - a scroll of amnesia
 n - 3 scrolls of teleportation
Potions
 d - 4 potions of might
 e - 4 potions of curing
 i - a potion of cancellation
 o - a potion of brilliance
 r - a potion of invisibility


   Skills:
 + Level 4.2 Fighting
 + Level 4.6 Axes
 + Level 4.7 Armour
 + Level 4.3 Shields


You had 5 spell levels left.
You didn't know any spells.
Your spell library contained the following spells:

 Spells                   Type           Power      Damage    Failure   Level
 Scorch                   Fire           0%         2d5       93%         2
 Flame Wave               Conj/Fire      0%         2d4       100%        4
 Summon Cactus Giant      Summ           0%         N/A       100%        6


Dungeon Overview and Level Annotations

Branches:
Dungeon (4/15)              Sewer (visited)
 Temple: D:4-7

Altars:
Makhleb


Innate Abilities, Weirdness & Mutations

You are immune to sickness and miasma.
Your stone body is resilient. (AC +4)
You are immune to poison.
You resist negative energy. (rN+)
You are resistant to electric shocks. (rElec)
You are resistant to unholy torment.
You are immune to petrification.


Message History

The wight hits you from afar with a +0 spear.
A wight comes into view. It is wielding a +4 dagger of freezing.
The wight hits you with a +0 spear.
The wight moves out of view.
You barely miss the wight. The wight hits you with a +0 spear.
You barely miss the wight. You block the wight's attack.
You hit the wight.
The wight is lightly damaged.
The wight closely misses you.
You hit the wight.
The wight is moderately damaged.
The wight hits you with a +0 spear.
The wight hits you with a +4 dagger of freezing.
The wight hits you with a +0 spear.
You hit the wight.
The wight is heavily damaged.
You closely miss the wight. The wight barely misses you.
The wight hits you with a +4 dagger of freezing.
You are too injured to fight recklessly!
You are too injured to fight recklessly!
You are too injured to fight recklessly!
You are too injured to fight recklessly!
You are too injured to fight recklessly!
You are too injured to fight recklessly!
You are too injured to fight recklessly!
Unknown command.
You completely miss the wight.
The wight is heavily damaged.
You closely miss the wight. The wight hits you with a +0 spear.
* * * LOW HITPOINT WARNING * * *
You block the wight's attack.
Unknown command.
You hit the wight.
The wight is severely damaged.
You closely miss the wight.
The wight hits you with a +4 dagger of freezing.
* * * LOW HITPOINT WARNING * * *
The wight freezes you.
* * * LOW HITPOINT WARNING * * *
The wight hits you with a +0 spear!
You die...

### ##.#
...## ##.##
.....#####..#
.......#...##
...........#
##.......##
##.......####
##.)........
#..@.......
##zz........
#..........
...........
...........
............
#############


You could see 2 wights.

Vanquished Creatures
  A wight (D:6)
  Natasha (thrice) (D:2)
  An orc wizard (D:3)
  7 river rats (Sewer)
  10 adders
  2 worms (D:2)
  2 dart slugs
  7 orcs (D:3)
  2 endoplasms
  4 giant cockroaches
  4 goblins
  6 hobgoblins
  3 jackals (D:3)
  6 kobolds
  2 quokkas (D:1)
  4 ball pythons
  9 bats
  5 frilled lizards
  7 rats
85 creatures vanquished.

Notes
Turn   | Place    | Note
-------+----------+-------------------------------------------
     0 | D:1      | bande the Gargoyle Fighter began the quest for the Orb.
     0 | D:1      | Reached XP level 1. HP: 14/14 MP: 1/1
   229 | D:1      | Reached XP level 2. HP: 19/19 MP: 2/2
   953 | D:2      | Reached XP level 3. HP: 21/23 MP: 3/3
  1173 | D:2      | Found a burning altar of Makhleb.
  1236 | D:2      | Noticed Natasha
  1256 | D:2      | Killed Natasha
  1257 | D:2      | Reached XP level 4. HP: 15/29 MP: 4/4
  1416 | D:2      | Noticed Natasha
  1421 | D:2      | Killed Natasha
  1451 | D:2      | Noticed Natasha
  1463 | D:2      | Killed Natasha
  1464 | D:2      | Reached XP level 5. HP: 33/33 MP: 5/5
  1798 | D:3      | Found a glowing drain.
  1810 | Sewer    | Entered a sewer
  2005 | Sewer    | Reached XP level 6. HP: 36/38 MP: 6/6
  2426 | D:3      | Found a faded altar of an unknown god.
  2912 | D:4      | You fall into a shaft and drop 2 floors!
  2933 | D:6      | Slain by a wight

Illustrated notes

Levels and vault maps discovered:
D:1:      dpeg_arrival_round_a, layout_basic, nrook_mini_vaults
D:2:      layout_basic, basic_altar, uniq_natasha
D:3:      layout_loops_ring, portal_sewer_entry_b, basic_ecumenical_altar
D:4:      layout_layer_cave, serial_shops, shop_fountains,
          wad_floor_pattern_untrapped
D:6:      wander_river, layout_layer_cave, uniq_sigmund, uniq_pikel

Skill      XL: |  1  2  3  4  5  6 |
---------------+-------------------+-----
Axes           | 2 3 4 |  4.6
Armour         | 4 |  4.7
Shields        | 4 |  4.3
Fighting       | 4 |  4.2

Action                   |  1- 3 |  4- 6 || total
-------------------------+-------+-------++-------
Melee: War axe           |   101 |   249 ||   350
  Use: Scroll            |     3 |     8 ||    11
Armor: Scale mail        |    70 |   105 ||   175
Dodge: Dodged            |    65 |   162 ||   227
Block: Buckler           |    28 |    54 ||    82

Table legend: (Time is in decaauts)
 A = Elapsed time spent in this place.
 B = Non-inter-level travel time spent in this place.
 C = Inter-level travel time spent in this place.
 D = Time resting spent in this place.
 E = Time spent auto-exploring this place.
 F = Levels seen in this place.
 G = Mean time per level.
                   A        B        C        D        E       F      G
               +--------+--------+--------+--------+--------+-----+--------+
         Total |   3124 |   3056 |     68 |    198 |   2004 |   6 |  520.7 |
       Dungeon |   2544 |   2476 |     68 |    154 |   1709 |   5 |  508.8 |
         Sewer |    579 |    579 |      0 |     44 |    295 |   1 |  579.0 |
               +--------+--------+--------+--------+--------+-----+--------+

Top non-repeatable levels by time:
     D:1: 939 daAuts
     D:2: 784 daAuts
     D:3: 762 daAuts
   Sewer: 579 daAuts
     D:4: 36 daAuts
     D:6: 23 daAuts
